 Dungeon Crawl Stone Soup version 0.27-a0-1137-g3ef0f4ec91 (webtiles) character file.

Game seed: 182107610731545263

532 siradein the Basher (level 7, -1/85 HPs)
             Began as a Minotaur Fighter on May 6, 2021.
             Succumbed to a gnoll sergeant's poison
             ... on level 5 of the Dungeon on May 7, 2021.
             The game lasted 00:14:30 (4106 turns).

siradein the Basher (Minotaur Fighter)              Turns: 4106, Time: 00:14:30

Health: -1/85      AC: 23    Str: 22    XL:     7   Next: 3%
Magic:  6/6        EV:  2    Int: 11    God:
Gold:   151        SH:  9    Dex: 10    Spells: 6/6 levels left

rFire    . . .     SeeInvis .   a - +0 flail
rCold    . . .     Faith    .   c - +0 kite shield
rNeg     + + +     Spirit   .   (armour currently unavailable)
rPois    +         Reflect  .   (helmet currently unavailable)
rElec    .         Harm     .   (cloak currently unavailable)
rCorr    .         Rampage  .   (gloves currently unavailable)
Will     .....     NoTele   +   (boots currently unavailable)
Stlth    +.........             r - amulet of the acrobat
HPRegen  0.24/turn              p - +6 ring of intelligence
MPRegen  0.10/turn              (no ring)

@: lethally poisoned (-1 -> -37), tree-form
A: stationary, stasis, torment immunity, boosted hp, (horns 2), (retaliatory
headbutt)
a: no special abilities


You were on level 5 of the Dungeon.
You were a tree.
You visited 1 branch of the dungeon, and saw 5 of its levels.

You collected 151 gold pieces.

Inventory:

Hand Weapons
 a - a +0 flail (weapon)
Missiles
 w - 2 throwing nets (quivered)
Armour
 c - a +0 kite shield (worn)
 g - a +0 chain mail (melded)
 l - a +0 pair of gloves (melded)
Jewellery
 p - a +6 ring of intelligence (left branch)
 r - an amulet of the acrobat (around neck)
 y - a ring of poison resistance
Wands
 s - a wand of paralysis (5)
 x - a wand of iceblast (10)
Scrolls
 f - 2 scrolls of teleportation
 j - a scroll of holy word {unknown}
 m - 2 scrolls of fog {unknown}
 q - 2 scrolls of immolation {unknown}
 u - a scroll of amnesia {unknown}
Potions
 b - 2 potions of magic
 d - a potion of might
 e - a potion of invisibility
 i - 3 potions of resistance
 n - a potion of degeneration {unknown}
 o - a potion of attraction {unknown}
 t - a potion of haste {unknown}
 v - a potion of curing {unknown}


   Skills:
 - Level 3.6 Fighting
 + Level 9.3 Maces & Flails
 - Level 3.6 Armour
 - Level 3.6 Shields


You had 6 spell levels left.
You didn't know any spells.
Your spell library was empty.

Dungeon Overview and Level Annotations

Branches:
Dungeon (5/15)
 Temple: D:4-7

Altars:

Shops:
D:3 [


Innate Abilities, Weirdness & Mutations

You are a tree.
Your roots penetrate the ground, keeping you stationary.
You cannot be teleported.
You are immune to unholy pain and torment.
Your maximum health is greatly increased.
Your equipment is partially melded.
((You have a pair of horns on your head.))
((You reflexively headbutt those who attack you in melee.))


Message History

You sock the gnoll!
You kill the gnoll!
You feel very sick.
The gnoll sergeant hits you from afar with a +2 spear of venom.
You are more poisoned.
The gnoll sergeant hits you from afar with a +2 spear of venom.
You are more poisoned.
You feel very sick. You block the gnoll sergeant's attack.
Things that are here:
a +0 whip; a +0 halberd You hit the gnoll sergeant.
You headbutt the gnoll sergeant.
The gnoll sergeant is moderately wounded.
You feel very sick.
The gnoll sergeant hits you but does no damage.
You are more poisoned.
You hit the gnoll sergeant.
The gnoll sergeant is moderately wounded.
You feel very sick.
The gnoll sergeant hits you with a +2 spear of venom!
You are lethally poisoned!
You hit the gnoll sergeant but do no damage.
You headbutt the gnoll sergeant!
The gnoll sergeant is heavily wounded.
You feel extremely sick. You block the gnoll sergeant's attack.
You sock the gnoll sergeant!
You headbutt the gnoll sergeant, but do no damage.
The gnoll sergeant is almost dead.
* * * LOW HITPOINT WARNING * * *
You feel very sick.
The gnoll sergeant hits you with a +2 spear of venom!
* * * LOW HITPOINT WARNING * * *
You are more poisoned.
Okay, then.
It was a potion of lignification.
You turn into a tree.
Your +0 pair of gloves melds into your body.
Your +0 chain mail melds into your body.
Your roots penetrate the ground.
You die...

#.⌠#####⌠.#
#.##...##.#
###.#.⌠.⌠.#.#
#...#..<†...#
#.#.#.⌠.⌠.#.#
#.#†##...##†#
#.#.⌠#####⌠.#
#.##.......##
#♣##########
#g# #.. ####


You could see a gnoll sergeant.

Vanquished Creatures
  A water moccasin (D:2)
  A kobold brigand (D:4)
  An orc priest (D:3)
  A hound (D:3)
  A bullfrog skeleton (D:4)
  2 iguanas
  6 gnolls
  4 adders
  2 worms (D:2)
  5 dart slugs
  11 orcs
  9 bats
  2 endoplasms
  7 giant cockroaches
  13 goblins
  5 hobgoblins
  11 jackals
  3 quokkas
  6 ball pythons
  2 frilled lizards
  10 kobolds
  6 rats
109 creatures vanquished.

Vanquished Creatures (others)
  9 plants (D:4)
9 creatures vanquished.

Grand Total: 118 creatures vanquished

Notes
Turn   | Place    | Note
-------+----------+-------------------------------------------
     0 | D:1      | siradein the Minotaur Fighter began the quest for the Orb.
     0 | D:1      | Reached XP level 1. HP: 19/19 MP: 0/0
    98 | D:1      | Reached skill level 3 in Maces & Flails
   136 | D:1      | Reached XP level 2. HP: 26/26 MP: 1/1
   280 | D:1      | Reached skill level 4 in Maces & Flails
   427 | D:1      | Reached XP level 3. HP: 29/31 MP: 2/2
   912 | D:2      | Found a faded altar of an unknown god.
   999 | D:2      | Reached skill level 5 in Maces & Flails
  1219 | D:2      | Reached XP level 4. HP: 39/39 MP: 3/3
  1259 | D:2      | Noticed a water moccasin
  1265 | D:2      | Killed a water moccasin
  1266 | D:2      | Reached skill level 6 in Maces & Flails
  1266 | D:2      | Reached XP level 5. HP: 44/45 MP: 4/4
  1557 | D:3      | Reached skill level 7 in Maces & Flails
  1844 | D:3      | Found Guiblaij's Antique Armour Shoppe.
  1928 | D:3      | Reached XP level 6. HP: 9/51 MP: 5/5
  2548 | D:3      | Reached skill level 8 in Maces & Flails
  3659 | D:4      | Reached skill level 9 in Maces & Flails
  4045 | D:5      | Entered Level 5 of the Dungeon
  4083 | D:5      | Reached XP level 7. HP: 57/57 MP: 6/6
  4106 | D:5      | Succumbed to a gnoll sergeant's poison

Illustrated notes

Levels and vault maps discovered:
D:1:      denvon_arrival_waterhouse, layout_loops_ring
D:2:      layout_loops_ring, hellmonk_ecumenical_altar_run_dry,
          grunt_decor_arrowhead
D:3:      layout_loops_ring, serial_shops, shop, hangedman_decor_clover_reticule
D:4:      layout_basic, lexackson_kobold_supper
D:5:      layout_basic, serial_shops, shop,
          nicolae_ossuary_entry_false_entrances, grunt_ministairs_11

Skill      XL: |  1  2  3  4  5  6 |
---------------+-------------------+-----
Maces & Flails | 3 4 5 6 7 9 |  9.3
Fighting       | |  3.6
Armour         | |  3.6
Shields        | |  3.6

Action                   |  1- 3 |  4- 6 |  7- 9 || total
-------------------------+-------+-------+-------++-------
Melee: Flail             |    94 |   170 |     7 ||   271
       Headbutt          |    17 |    20 |     4 ||    41
  Use: Scroll            |       |     4 |       ||     4
       Potion            |       |       |     1 ||     1
Armor: Scale mail        |     3 |       |       ||     3
       Chain mail        |    57 |    65 |     1 ||   123
Dodge: Dodged            |    14 |    41 |     1 ||    56
Block: Kite shield       |    45 |    92 |     4 ||   141

Table legend: (Time is in decaauts)
 A = Elapsed time spent in this place.
 B = Non-inter-level travel time spent in this place.
 C = Inter-level travel time spent in this place.
 D = Time resting spent in this place.
 E = Time spent auto-exploring this place.
 F = Levels seen in this place.
 G = Mean time per level.
                   A        B        C        D        E       F      G
               +--------+--------+--------+--------+--------+-----+--------+
         Total |   4192 |   4074 |    118 |    590 |   2655 |   5 |  838.4 |
       Dungeon |   4192 |   4074 |    118 |    590 |   2655 |   5 |  838.4 |
               +--------+--------+--------+--------+--------+-----+--------+

Top non-repeatable levels by time:
     D:4: 1099 daAuts
     D:3: 1088 daAuts
     D:2: 1062 daAuts
     D:1: 877 daAuts
     D:5: 64 daAuts
